 Dungeon Crawl Stone Soup version 0.24.0-41-g2ae2f7f1be (webtiles) character file.

Game seed: 746264838955730429, levelgen mode: deterministic

97 Curus the Twirler (level 4, 0/33 HPs)
             Began as a Demonspawn Gladiator on Dec 15, 2019.
             Slain by an orc wizard
             ... wielding a +0 dagger
              (3 damage)
             ... on level 2 of the Dungeon.
             The game lasted 00:07:19 (1912 turns).

Curus the Twirler (Demonspawn Gladiator)            Turns: 1912, Time: 00:07:20

Health: 0/33       AC:  5    Str: 14    XL:     4   Next: 42%
Magic:  4/4        EV: 13    Int:  9    God:
Gold:   134        SH:  0    Dex: 18    Spells: 3/3 levels left

rFire    . . .     SeeInvis .   a - +1 quarterstaff
rCold    + . .     Gourm    .   (shield currently unavailable)
rNeg     . . .     Faith    .   b - +0 leather armour
rPois    .         Spirit   .   (helmet restricted)
rElec    .         Reflect  .   e - +1 cloak
rCorr    .         Harm     .   (no gloves)
MR       .....     Rnd*Rage +   (no boots) Stlth ++........Rnd*Tele +
                                h - amulet of regeneration (curse)
HPRegen  0.51/turn              j - ring of teleportation (curse)
MPRegen  0.09/turn              (no ring)

@: no status effects
A: antennae 2, thin skeletal structure 1, berserk 1, cold resistance 1, powered
by pain 1
a: no special abilities


You were on level 2 of the Dungeon.
You were not hungry.

You visited 1 branch of the dungeon, and saw 3 of its levels.

You collected 134 gold pieces.

Inventory:

Hand Weapons
 a - a +1 quarterstaff (weapon)
Missiles
 d - 3 throwing nets (quivered)
Armour
 b - a +0 leather armour (worn)
 c - a +1 helmet
 e - a +1 cloak (worn)
Jewellery
 h - a cursed amulet of regeneration (around neck)
 j - a cursed ring of teleportation (left hand)
Scrolls
 k - 5 scrolls of identify
Potions
 g - a potion of might
 i - a potion of curing
Comestibles
 f - 6 rations
 l - 2 chunks of flesh


   Skills:
 - Level 2.0 Fighting
 + Level 4.8 Staves
 - Level 1.7 Throwing
 - Level 2.6 Dodging


You had 3 spell levels left.
You didn't know any spells.
Your spell library was empty.

Dungeon Overview and Level Annotations

Branches:
Dungeon (3/15)

Altars:
Zin
The Shining One

Annotations:
D:2 Ijyb


Innate Abilities, Weirdness & Mutations

You have a pair of antennae on your head.
Your flesh is cold resistant. (rC+)
You sometimes gain a little power by taking damage.
You have a somewhat thin skeletal structure. (Dex +2, Stealth)
You tend to lose your temper in combat.


Message History

You hit the orc wizard.
The orc wizard is lightly wounded.
The orc wizard mumbles some strange words.
The orc wizard blinks!
The orc hits you but does no damage. Ijyb hits you.
* * * LOW HITPOINT WARNING * * *
The orc wizard hits you but does no damage.
Unknown command.
You hit the orc wizard.
The orc wizard is moderately wounded.
The orc hits you but does no damage.
The orc wizard hits you but does no damage.
Ijyb hits you but does no damage.
You closely miss the orc wizard.
The orc wizard is moderately wounded.
The orc wizard hits you but does no damage.
The orc hits you with a +0 short sword.
* * * LOW HITPOINT WARNING * * *
Ijyb barely misses you.
The orc wizard hits you with a +0 dagger.
You die...

#.......##.##.# #.............#
##### #..####.##.##.####...##
#####..####.##(##.##......##
.......##......##.##.......#
#..............##..........#
#)###.........(....#.......######
#.# ##.##....(####.#.............
#.####.##....)#o@o.......########
.......#.#..(.og##.#..#.## #
#.###...###.(.####.#..#.# #
#.##...#.#.##.# #.#..#.# #
#.##.####.###.# #.#..#.###### #
#.##.# #<# #.# #...........# ##
#.##(####.# #.# #..##.#####.# #.
#.....(...###.# #..##.# #.# #.
####.##.......####..##.#####.# #.


You could see Ijyb, an orc wizard and 2 orcs.

Vanquished Creatures
  Robin (D:2)
  An adder (D:2)
  2 oozes
  2 dart slugs
  2 leopard geckos (D:2)
  5 bats (D:1)
  5 giant cockroaches
  11 goblins
  10 hobgoblins
  2 quokkas (D:2)
  4 frilled lizards
  4 kobolds (D:1)
  7 rats
56 creatures vanquished.

Notes
Turn   | Place    | Note
-------+----------+-------------------------------------------
     0 | D:1      | Curus the Demonspawn Gladiator began the quest for the Orb.
     0 | D:1      | Reached XP level 1. HP: 16/16 MP: 1/1
    54 | D:1      | Reached skill level 3 in Staves
    90 | D:1      | Gained mutation: You have a pair of small antennae on your
                  | head. [demonic ancestry]
    90 | D:1      | Reached XP level 2. HP: 18/22 MP: 2/2
   663 | D:1      | Gained mutation: Your flesh is cold resistant. (rC+)
                  | [demonic ancestry]
   663 | D:1      | Reached XP level 3. HP: 26/27 MP: 3/3
   902 | D:1      | Gained mutation: You have a somewhat thin skeletal
                  | structure. (Dex +2, Stealth) [potion of mutation]
   902 | D:1      | Gained mutation: You tend to lose your temper in combat.
                  | [potion of mutation]
   902 | D:1      | Gained mutation: You have a pair of antennae on your head.
                  | [potion of mutation]
  1187 | D:2      | Reached skill level 4 in Staves
  1335 | D:2      | Noticed Robin
  1355 | D:2      | Killed Robin
  1355 | D:2      | Gained mutation: You sometimes gain a little power by
                  | taking damage. [demonic ancestry]
  1355 | D:2      | Reached XP level 4. HP: 14/33 MP: 4/4
  1616 | D:2      | Found a glowing golden altar of the Shining One.
  1788 | D:2      | Found a glowing silver altar of Zin.
  1893 | D:3      | Noticed Ijyb
  1894 | D:3      | Paralysed by Ijyb for 6 turns
  1906 | D:2      | Paralysed by Ijyb for 4 turns
  1912 | D:2      | Slain by an orc wizard

Levels and vault maps discovered:
D:1:      sevenhm_arrival_forest_fort_large_2, layout_basic, minmay_octomino_j4
D:2:      layout_loops_ring, zin_scriptorium, overflow_temple_1_default,
          uniq_robin
D:3:      layout_rooms, old_standard_altar, serial_curves, eino_curves_02,
          eino_curves_03, eino_curves_01, uniq_ijyb

Skill      XL: |  1  2  3 |
---------------+----------+-----
Staves         | 3 4 |  4.8
Fighting       | |  2.0
Throwing       | |  1.7
Dodging        | |  2.6

Action                   |  1- 3 |  4- 6 || total
-------------------------+-------+-------++-------
Melee: Quarterstaff      |   116 |    37 ||   153
  Use: Scroll            |     3 |     2 ||     5
       Potion            |     4 |       ||     4
 Stab: Sleeping          |     2 |     2 ||     4
  Eat: Chunk             |     1 |     2 ||     3
Armor: Leather armour    |    40 |    26 ||    66
Dodge: Dodged            |    74 |    22 ||    96
